 Dungeon Crawl Stone Soup version 0.31-a0-963-ga325b2283a (webtiles) character file.

Game seed: 16230974001105416641

148728 Gladio the Warrior (level 18, -2/237 HPs)
             Began as a Formicid Fighter on Oct 25, 2023.
             Was an Elder of Okawaru.
             Slain by a shock serpent (11 damage)
             ... on level 2 of the Snake Pit.
             The game lasted 00:58:26 (31678 turns).

Gladio the Warrior (Formicid Fighter)              Turns: 31678, Time: 00:58:27

Health: -2/237     AC: 29    Str: 34    XL:     18   Next: 12%
Magic:  26/26      EV:  2    Int:  9    God:    Okawaru [****..]
Gold:   2293       SH: 16    Dex: 13    Spells: 17/17 levels left

rFire   . . .        N - +5 lajatang (elec)
rCold   . . .        c - +0 kite shield
rNeg    . . .        M - melded +4 crystal plate armour of the Sneaky Xalams {+Inv Str-5 Int+6}
rPois   +            (helmet unavailable)
rElec   .            V - melded +1 cloak of Xom's Reproof {Drain Fly rPois}
rCorr   .            n - melded +1 pair of gloves {Stlth+}
SInv    .            o - melded +0 pair of boots
Will    +....        s - amulet of reflection
Stlth   +            x - +6 ring of strength
HPRegen 0.59/turn    t - +5 ring of evasion
MPRegen 0.20/turn

%: reflection
@: mighty, lethally poisoned (-2 -> -5), tree-form
A: stationary, stasis, torment immunity, boosted hp, permanent stasis, dig
shafts and tunnels, (antennae 3), four strong arms, low MP 1, (electricity
resistance)
a: Renounce Religion, Heroism, Finesse


You were on level 2 of the Snake Pit.
You worshipped Okawaru.
Okawaru was greatly pleased with you.
You were a tree.
You visited 5 branches of the dungeon, and saw 26 of its levels.
You also visited: Ossuary.

You collected 3483 gold pieces.
You spent 1190 gold pieces at shops.

Inventory:

Hand Weapons
 N - a +5 lajatang of electrocution (weapon)
Missiles
 b - 7 darts of dispersal
 e - 2 atropa-tipped darts
 p - 21 poisoned darts
 u - 26 boomerangs
 A - 14 curare-tipped darts
 C - a throwing net
 P - 10 silver javelins (quivered)
 W - 13 javelins
Armour
 c - a +0 kite shield (worn)
 f - a scarf of resistance
 n - a +1 pair of gloves of stealth (melded)
 o - a +0 pair of boots (melded)
 y - a +2 cloak
 M - the +4 crystal plate armour of the Sneaky Xalams (melded) {+Inv Str-5 Int+6}
   (Okawaru gifted it to you on level 1 of the Lair of Beasts)

   Str-5:     It affects your strength (-5).
   Int+6:     It affects your intelligence (+6).
   +Inv:      It lets you turn invisible.
 V - the +1 cloak of Xom's Reproof (melded) {Drain Fly rPois}
   (You bought it in a shop on level 13 of the Dungeon)

   rPois:     It protects you from poison Fly: It grants you flight.
   Drain:     It drains your maximum health when unequipped.
Jewellery
 a - a ring of protection from cold
 s - an amulet of reflection (around neck)
 t - a +5 ring of evasion (right branch)
 x - a +6 ring of strength (left branch)
 D - a ring of willpower
 F - the amulet "Veuhor" {RegenMP Will+}
   (You found it on level 2 of the Lair of Beasts)

   [amulet of magic regeneration]

   RegenMP:   It increases your rate of magic regeneration.
   Will+:     It increases your willpower.
 L - an amulet of faith
 O - a ring of poison resistance
 X - a ring of positive energy
Talismans
 v - the serpent talisman "Gosypob" {rPois rF+ rC+}
   (You took it off Aizul in the Arena)

   [serpent talisman]

   rF+:       It protects you from fire.
   rC+:       It protects you from cold.
   rPois:     It protects you from poison
Wands
 g - a wand of polymorph (14)
 k - a wand of digging (6)
 z - a wand of flame (72)
 I - a wand of iceblast (22)
Scrolls
 h - 3 scrolls of vulnerability
 j - 6 scrolls of amnesia
 m - 2 scrolls of identify
 E - 3 scrolls of fog
 J - 3 scrolls of poison
 Q - 3 scrolls of immolation
 R - a scroll of torment
 S - 2 scrolls of butterflies
 T - a scroll of noise
 Z - a scroll of revelation
Potions
 d - a potion of might
 l - 5 potions of brilliance
 q - 3 potions of attraction
 r - 4 potions of enlightenment
 w - 3 potions of lignification
 G - 6 potions of mutation
 H - 2 potions of magic
 U - a potion of resistance


   Skills:
 * Level 18.6 Fighting
 - Level 14.3 Staves
 + Level 9.5 Throwing
 + Level 15.6 Armour
 - Level 3.0 Dodging
 - Level 10.0 Shields
 + Level 15.2 Invocations


You had 17 spell levels left.
You didn't know any spells.
Your spell library contained the following spells:

 Spells                   Type           Power      Damage    Failure   Level
 Magic Dart               Conj           0%         1d3       52%         1
 Necrotise                Necr           0%         1d4       52%         1
 Slow                     Hex            0%         N/A       52%         1
 Sting                    Tmut/Pois      0%         1d3       52%         1
 Cigotuvi's Dreadful Rot  Necr/Pois/Air  0%         N/A       67%         2
 Poisonous Vapours        Pois/Air       0%         N/A       67%         2
 Searing Ray              Conj           0%         2d4       67%         2
 Static Discharge         Conj/Air       0%         3-3/arc   67%         2
 Confusing Touch          Hex            0%         N/A       88%         3
 Ozocubu's Armour         Ice            0%         N/A       88%         3
 Sigil of Binding         Hex            0%         N/A       88%         3
 Vampiric Draining        Necr           0%         2d6       88%         3
 Volatile Blastmotes      Fire/Tloc      0%         2d10      88%         3
 Airstrike                Air            0%         2d(0-16)  99%         4
 Dispel Undead            Necr           0%         3d6       99%         4
 Fulminant Prism          Conj/Hex       0%         3d5       99%         4
 Iskenderun's Mystic Bla  Conj/Tloc      0%         2d3       99%         4
 Olgreb's Toxic Radiance  Pois           0%         N/A       99%         4
 Passage of Golubria      Tloc           0%         N/A       99%         4
 Agony                    Necr           0%         N/A       100%        5
 Borgnjor's Vile Clutch   Necr/Erth      0%         N/A       100%        5
 Silence                  Hex/Air        0%         N/A       100%        5
 Yara's Violent Unravell  Hex/Tmut       0%         3d3       100%        5
 Conjure Ball Lightning   Conj/Air       0%         3x3d6     100%        6
 Eringya's Noxious Bog    Tmut/Pois      0%         4d6       100%        6
 Plasma Beam              Fire/Air       0%         2x1d10    100%        6
 Ozocubu's Refrigeration  Ice            0%         4d7       100%        7
 Discord                  Hex            0%         N/A       100%        8
 Disjunction              Tloc           0%         N/A       100%        8
 Lehudib's Crystal Spear  Conj/Erth      0%         10d2      100%        8
 Summon Small Mammal      Summ           Unusable   N/A       N/A         1
 Call Canine Familiar     Summ           Unusable   N/A       N/A         3
 Summon Guardian Golem    Hex/Summ       Unusable   N/A       N/A         3
 Tukima's Dance           Hex            Unusable   N/A       N/A         3
 Animate Dead             Necr           Unusable   N/A       N/A         4
 Summon Lightning Spire   Summ/Air       Unusable   N/A       N/A         4
 Summon Forest            Summ/Tloc      Unusable   N/A       N/A         5
 Death Channel            Necr           Unusable   N/A       N/A         6
 Summon Hydra             Summ           Unusable   N/A       N/A         7

Dungeon Overview and Level Annotations

Branches:
Dungeon (15/15)            Temple (1/1) D:6            Lair (5/5) D:11
  Swamp (0/4) Lair:3        Snake (3/4) Lair:3        Slime (0/5) Lair:4
    Orc (2/2) D:11            Elf (0/3) Orc:2        Vaults (0/5) D:13
 Depths (0/4) D:15        Ossuary (visited)

Altars:
Ashenzari
Cheibriados
Dithmenos
Elyvilon
Fedhas
Gozag
Hepliaklqana
Kikubaaqudgha
Makhleb
Nemelex Xobeh
Okawaru
Qazlal
Ru
Sif Muna
Trog
Uskayaw
Vehumet
Wu Jian
Xom
Yredelemnul
Zin
The Shining One
Jiyva

Shops:
D:8 *   D:13 [   Orc:2 [=*(

Annotations:
D:9 3 runed translucent doors, Gargoyl's ghost, journeyman GrBe
D:14 Roxanne


Innate Abilities, Weirdness & Mutations

You are a tree.
Your roots penetrate the ground, keeping you stationary.
You cannot be teleported.
You are immune to unholy pain and torment.
Your maximum health is greatly increased.
Your equipment is partially melded.
You cannot be hasted, slowed, berserked, paralysed or teleported.
You can dig through walls and to a lower floor.
((You have a pair of large antennae on your head. (SInv)))
Your four strong arms can wield two-handed weapons with a shield.
Your magical capacity is low. (-10% MP)
((You are resistant to electric shocks. (rElec)))


Message History

You feel sick. You block the black mamba's attack.
The naga hits you but does no damage. You block the naga's attack.
The shock serpent shoots out a bolt of lightning at you!
The bolt of electricity hits you but does no damage.
You resist. The black mamba closely misses you.
You slash the shock serpent!
The shock serpent is heavily wounded.
The shock serpent's electric aura discharges, shocking you!
You resist. The black mamba misses you.
The shock serpent shoots out a bolt of lightning at you!
The bolt of electricity hits you. You resist.
* * * LOW HITPOINT WARNING * * *
The naga spits poison at you.
The splash of poison hits you but does no damage.
You are more poisoned.
You resist.
Unknown command.
You slash the shock serpent!
The shock serpent is severely wounded.
The shock serpent's electric aura discharges, shocking you!
You resist.
* * * LOW HITPOINT WARNING * * *
You feel sick. The black mamba barely misses you.
You block the shock serpent's attack.
The black mamba bites you but does no damage.
Aiming: Dig
Press: ? - help, Q - select action, (/) - cycle Shift-Dir - straight line, f - you Please select a direction to dig.
A stone staircase leading down, spattered with blood.
Okay, then.
You turn into a tree.
The +1 cloak of Xom's Reproof {Drain Fly rPois} melds into your body.
Your +1 pair of gloves of stealth melds into your body.
Your +0 pair of boots melds into your body.
The +4 crystal plate armour of the Sneaky Xalams {+Inv Str-5 Int+6} melds into your body.
You float gracefully downwards.
You feel less stealthy.
Your roots penetrate the ground.
You feel sick. The shock serpent bites you.
* * * LOW HITPOINT WARNING * * *
The shock serpent shocks you!
You die...

###################
#..............)♣S##
....########...N.S.##
#)#.#.#.##########..##
...........########..##
#.#.#.#.#.........##..##
^............#####.##..##
#.#.#.#.#...## #..##..##
............#######.###..##
#.#.#.#.#...##...###.###..#


You could see a shock serpent, a black mamba and a naga (catching breath).

Vanquished Creatures
  Bai Suzhen (Snake:2)
  Rupert (D:14)
  Kirke (Lair:3)
  2 nagarajas (Snake:2)
  Aizul (Arena)
  Gastronok (D:8)
  2 orc warlords
  A quicksilver ooze (shapeshifter) (D:13)
  An ironbound preserver (D:13)
  Josephine (D:12)
  3 fire dragons
  Snorg (D:12)
  A rakshasa (D:15)
  Erolcha (D:9)
  7 hydras
  An ice dragon (D:15)
  An ogre mage (D:15)
  3 catoblepae
  7 centaur warriors
  2 ghost crabs (Lair:3)
  8 anacondas
  A death knight (D:14)
  Erica (D:9)
  7 two-headed ogres
  6 naga warriors
  4 tengu warriors
  4 boulder beetles
  3 death yaks (Lair:5)
  4 orc high priests
  3 naga sharpshooters
  An occultist (D:13)
  6 shock serpents
  Amaemon (Lair:3)
  5 skysharks
  5 naga ritualists
  2 skeletal warriors (D:13)
  2 sea snakes (Snake:1)
  A lindwurm (Lair:5)
  6 mana vipers
  2 ugly things
  6 orc knights
  5 deep elf pyromancers
  2 orc sorcerers (Orc:2)
  A wolf spider (D:13)
  A salamander (shapeshifter) (D:14)
  6 salamanders
  6 manticores
  27 black mambas
  6 cyclopes
  3 elephants (Lair:1)
  8 slime creatures
  Joseph (D:7)
  3 guardian serpents
  9 naga magi
  6 torpor snails (Lair:5)
  An orange demon (Lair:3)
  6 cane toads
  An unseen horror (D:13)
  5 gargoyles
  8 komodo dragons
  3 kobold demonologists
  4 freezing wraiths (D:14)
  3 efreet
  2 yaktaurs (D:15)
  A tengu conjurer (D:14)
  9 trolls
  11 polar bears
  A hornet (shapeshifter) (D:14)
  4 raiju (Lair:5)
  23 blink frogs
  4 tyrant leeches (Lair:5)
  8 hornets
  6 dream sheep (Lair:5)
  Sigmund (D:5)
  A spectral black mamba (Lair:3)
  7 wraiths (D:12)
  4 vampires
  2 basilisks (D:13)
  42 yaks
  7 wyverns
  A golden eye (D:6)
  2 steam dragons (D:8)
  6 humans (Lair:3)
  8 vampire mosquitoes
  5 wargs
  27 nagas
  3 acid dragons
  8 water moccasins
  13 hell hounds (Lair:5)
  26 orc warriors
  A sky beast (D:7)
  3 ice beasts
  17 black bears
  11 centaurs
  4 ogres
  A spectral rime drake (Lair:3)
  20 wolves
  A phantom (D:3)
  4 kobold brigands
  12 bullfrogs
  3 elf zombies (Ossuary)
  4 gnoll sergeants
  2 scorpions
  21 wights
  30 killer bees
  8 howler monkeys
  13 electric eels
  2 hounds
  A human zombie (Ossuary)
  4 jellies
  11 orc priests
  A sleepcap (D:7)
  6 iguanas
  17 orc wizards
  6 hell rats
  A boggart simulacrum (D:15)
  2 mummies (Ossuary)
  12 gnolls
  11 adders
  4 river rats (Lair:1)
  A shadow imp (D:8)
  5 white imps
  2 adder zombies (Ossuary)
  A worm (D:3)
  A dart slug (D:4)
  45 orcs
  9 endoplasms
  3 giant cockroaches
  7 hobgoblins
  27 kobolds
  2 quokkas
  11 ball pythons
  A bat (D:1)
  6 frilled lizards
  3 goblins (D:1)
  A goblin zombie (Ossuary)
  11 hobgoblin zombies (Ossuary)
  2 jackal zombies (Ossuary)
  5 kobold zombies (Ossuary)
  11 orc zombies (Ossuary)
  23 rats
  A rat zombie (Ossuary)
875 creatures vanquished.

Vanquished Creatures (others)
  A naga mage (Snake:3)
  A bullfrog (Lair:3)
  A kobold (D:7)
3 creatures vanquished.

Grand Total: 878 creatures vanquished

Notes
Turn   | Place    | Note
-------+----------+-------------------------------------------
     0 | D:1      | Gladio the Formicid Fighter began the quest for the Orb.
     0 | D:1      | Reached XP level 1. HP: 18/18 MP: 1/1
   107 | D:1      | Reached XP level 2. HP: 24/24 MP: 2/2
   333 | D:1      | Reached XP level 3. HP: 29/29 MP: 3/3
   921 | D:2      | Reached XP level 4. HP: 32/37 MP: 4/4
  1836 | D:3      | Found an opulent altar of Gozag.
  2039 | D:3      | Noticed a scorpion
  2041 | D:3      | Killed a scorpion
  2042 | D:3      | Reached skill level 4 in Fighting
  2042 | D:3      | Reached XP level 5. HP: 42/42 MP: 5/5
  2255 | D:3      | Found a sacrificial altar of Ru.
  2491 | D:4      | Noticed a phantom
  2507 | D:3      | Killed a phantom
  2508 | D:3      | Reached skill level 5 in Shields
  2508 | D:3      | Reached XP level 6. HP: 31/48 MP: 6/6
  2623 | D:4      | Noticed a black bear
  2635 | D:4      | Killed a black bear
  2862 | D:4      | Noticed a black bear
  2868 | D:4      | Killed a black bear
  2869 | D:4      | Reached XP level 7. HP: 55/55 MP: 7/7
  2900 | D:4      | Found a broken altar of Ashenzari.
  3224 | D:5      | Entered Level 5 of the Dungeon
  3258 | D:5      | Reached skill level 5 in Fighting
  3258 | D:5      | Reached skill level 5 in Staves
  3258 | D:5      | Reached skill level 5 in Armour
  3406 | D:5      | Reached XP level 8. HP: 43/62 MP: 8/8
  3880 | D:5      | Found a glowing drain.
  3967 | D:5      | Noticed Sigmund
  4018 | D:5      | Gained mutation: Your magical capacity is low. (-10% MP)
                  | [potion of mutation]
  4018 | D:5      | Gained mutation: You are resistant to electric shocks.
                  | (rElec) [potion of mutation]
  4060 | D:5      | Killed Sigmund
  4294 | D:6      | an orc warrior changed into a harpy
  4294 | D:6      | Noticed a harpy
  4301 | D:6      | a harpy changed into a golden eye
  4305 | D:6      | Reached skill level 6 in Fighting
  4305 | D:6      | Reached XP level 9. HP: 52/69 MP: 8/8
  5058 | D:6      | Found a staircase to the Ecumenical Temple.
  5067 | Temple   | Entered the Ecumenical Temple
  5139 | Temple   | Became a worshipper of Warmaster Okawaru
  5287 | D:6      | Found a shimmering blue altar of Sif Muna.
  5681 | D:7      | Reached skill level 1 in Invocations
  5763 | D:7      | Reached skill level 7 in Fighting
  5766 | D:7      | Reached * piety under Okawaru
  5878 | D:7      | Reached XP level 10. HP: 79/79 MP: 10/10
  5885 | D:7      | Found a shadowy altar of Dithmenos.
  5916 | D:7      | Noticed Joseph
  5937 | D:7      | Killed Joseph
  6082 | D:7      | Found a sand-covered staircase.
  6116 | Ossuary  | Entered an ossuary
  6894 | D:8      | Reached ** piety under Okawaru
  7338 | D:8      | Noticed a cyan ugly thing
  7344 | D:8      | Killed a cyan ugly thing
  7345 | D:8      | Reached skill level 8 in Fighting
  7398 | D:8      | Noticed a boulder beetle
  7418 | D:8      | Reached *** piety under Okawaru
  7431 | D:8      | Killed a boulder beetle
  7432 | D:8      | Reached skill level 10 in Staves
  7432 | D:8      | Reached XP level 11. HP: 43/86 MP: 11/13
  7726 | D:8      | Noticed a two-headed ogre
  7733 | D:8      | Killed a two-headed ogre
  7734 | D:8      | Reached skill level 10 in Shields
  7734 | D:8      | Reached skill level 5 in Invocations
  7900 | D:8      | Found Xoomalon's Assorted Antiques.
  7948 | D:8      | Reached **** piety under Okawaru
  7991 | D:8      | Bought a green potion for 25 gold pieces
  7991 | D:8      | Bought a scroll of identify for 56 gold pieces
  7991 | D:8      | Bought a pair of gloves for 126 gold pieces
  8398 | D:8      | Noticed Gastronok
  8412 | D:8      | Killed Gastronok
  8484 | D:9      | Identified the of Fudweol
  8649 | D:9      | Reached skill level 9 in Fighting
  8806 | D:9      | Reached ***** piety under Okawaru
  9124 | D:9      | Found a runed translucent gate.
  9124 | D:9      | Found a runed translucent gate.
  9124 | D:9      | Found a runed translucent gate.
  9126 | D:9      | Noticed Gargoyl's ghost (journeyman GrBe)
  9132 | D:9      | Found a viscous altar of Jiyva.
  9298 | D:9      | Noticed a two-headed ogre
  9306 | D:9      | Killed a two-headed ogre
  9307 | D:9      | Reached XP level 12. HP: 85/95 MP: 15/15
  9444 | D:9      | Noticed Erica
  9446 | D:9      | Noticed Erolcha
  9465 | D:9      | Killed Erolcha
  9496 | D:9      | Killed Erica
 10451 | D:10     | Entered Level 10 of the Dungeon
 10491 | D:10     | Noticed a two-headed ogre
 10498 | D:10     | Killed a two-headed ogre
 10498 | D:10     | Received a gift from Okawaru
 10740 | D:10     | Reached skill level 10 in Armour
 10956 | D:10     | Reached skill level 10 in Fighting
 11561 | D:11     | Found a staircase to the Lair.
 11731 | D:11     | Found a staircase to the Orcish Mines.
 12367 | Lair:1   | Entered Level 1 of the Lair of Beasts
 12388 | Lair:1   | Reached ****** piety under Okawaru
 12399 | Lair:1   | Acquired the +4 crystal plate armour of the Sneaky Xalams
                  | {+Inv Str-5 Int+6}
 12399 | Lair:1   | Received a gift from Okawaru
 12459 | Lair:1   | Acquired a +4 lajatang of electrocution
 12459 | Lair:1   | Received a gift from Okawaru
 12578 | Lair:1   | Reached XP level 13. HP: 104/104 MP: 17/17
 12903 | Lair:1   | Received a gift from Okawaru
 13183 | Lair:1   | Reached skill level 11 in Fighting
 14023 | Lair:2   | Received a gift from Okawaru
 14206 | Lair:2   | Noticed an eight-headed hydra
 14214 | Lair:2   | Killed an eight-headed hydra
 14501 | Lair:2   | Identified the amulet "Veuhor" {RegenMP Will+}
 14659 | Lair:3   | Noticed a seven-headed hydra
 14665 | Lair:3   | Killed a seven-headed hydra
 14917 | Lair:3   | Noticed Kirke
 14932 | Lair:3   | Killed Kirke
 14932 | Lair:3   | Received a gift from Okawaru
 14933 | Lair:3   | Reached skill level 10 in Invocations
 15153 | Lair:3   | Found a staircase to the Snake Pit.
 15630 | Lair:3   | Noticed Amaemon
 15642 | Lair:3   | Killed Amaemon
 15643 | Lair:3   | Reached XP level 14. HP: 97/114 MP: 19/19
 15782 | Lair:3   | Found a staircase to the Swamp.
 15807 | Lair:3   | Reached skill level 12 in Fighting
 16012 | Lair:4   | Found a staircase to the Slime Pits.
 16249 | Lair:4   | Received a gift from Okawaru
 16673 | Lair:5   | Entered Level 5 of the Lair of Beasts
 16702 | Lair:5   | Reached skill level 1 in Throwing
 16716 | Lair:5   | Reached skill level 1 in Dodging
 16738 | Lair:5   | Received a gift from Okawaru
 16903 | Lair:5   | Reached skill level 13 in Fighting
 17347 | Lair:5   | Found a runed translucent door.
 17379 | Lair:5   | Received a gift from Okawaru
 17469 | Lair:5   | Identified the +6 short sword of Tension {drain, rCorr
                  | Str+3 Dex+4}
 18283 | Lair:5   | Reached XP level 15. HP: 115/125 MP: 21/21
 18402 | Lair:5   | Reached skill level 14 in Fighting
 18481 | Lair:5   | Received a gift from Okawaru
 19689 | D:12     | Noticed Josephine
 19695 | D:12     | Killed Josephine
 19932 | D:12     | Reached skill level 5 in Throwing
 20027 | D:12     | Noticed Snorg
 20050 | D:12     | Killed Snorg
 20512 | D:13     | Received a gift from Okawaru
 20582 | D:13     | Found a gate to the Vaults.
 20582 | D:13     | Noticed an ironbound preserver
 20595 | D:13     | Killed an ironbound preserver
 20602 | D:13     | Reached skill level 15 in Fighting
 21141 | D:13     | Found Huunt's Armour Boutique.
 21154 | D:13     | Received a gift from Okawaru
 21255 | D:13     | Bought the +1 cloak of Xom's Reproof {Drain Fly rPois} for
                  | 309 gold pieces
 21282 | D:13     | Noticed a quicksilver ooze
 21290 | D:13     | Killed a quicksilver ooze
 21420 | D:13     | Found an opulent altar of Gozag.
 21766 | D:13     | Reached XP level 16. HP: 128/136 MP: 23/23
 22488 | D:14     | Received a gift from Okawaru
 22942 | D:14     | Reached skill level 16 in Fighting
 23072 | D:14     | Noticed Rupert
 23083 | D:14     | Killed Rupert
 23298 | D:14     | Noticed Roxanne
 24006 | D:15     | Entered Level 15 of the Dungeon
 24047 | D:15     | Found a stormy altar of Qazlal.
 24059 | D:15     | Received a gift from Okawaru
 24593 | D:15     | Found a staircase to the Depths.
 25311 | Orc:1    | Entered Level 1 of the Orcish Mines
 25527 | Orc:1    | Found an ornate altar of the Wu Jian Council.
 25528 | Orc:1    | Found a transporter.
 25563 | Orc:1    | Found a transporter.
 25586 | Orc:1    | Found a transporter.
 25587 | Orc:1    | Found an ornate altar of the Wu Jian Council.
 25885 | Orc:1    | Found a transporter.
 26003 | Orc:1    | Received a gift from Okawaru
 26111 | Orc:2    | Entered Level 2 of the Orcish Mines
 26131 | Orc:2    | Found a staircase to the Elven Halls.
 26423 | Orc:2    | Found Luethrow's Jewellery Shop.
 26499 | Orc:2    | Found Duskatz's Antique Armour Shoppe.
 26526 | Arena    | Entered the Arena
 26540 | Arena    | Reached skill level 17 in Fighting
 26817 | Orc:1    | Reached XP level 17. HP: 121/147 MP: 24/24
 26997 | Orc:2    | Bought a pair of glowing gloves for 247 gold pieces
 26997 | Orc:2    | Bought a glowing cloak for 247 gold pieces
 27113 | Orc:2    | Found Jidof's General Store.
 27149 | Orc:2    | Bought 2 potions of heal wounds for 180 gold pieces
 27228 | Orc:2    | Found Meipn's Antique Weapon Emporium.
 27470 | Snake:1  | Entered Level 1 of the Snake Pit
 27999 | Snake:1  | Received a gift from Okawaru
 28751 | Snake:1  | Reached skill level 15 in Armour
 28820 | Snake:1  | Received a gift from Okawaru
 30079 | Snake:1  | Reached skill level 18 in Fighting
 30800 | Snake:2  | Reached skill level 15 in Invocations
 30832 | Snake:2  | Received a gift from Okawaru
 31379 | Snake:3  | Noticed Bai Suzhen
 31413 | Snake:2  | Killed Bai Suzhen
 31539 | Snake:3  | Reached XP level 18. HP: 147/158 MP: 26/26
 31550 | Snake:3  | Identified the serpent talisman "Gosypob" {rPois rF+ rC+}
 31550 | Snake:3  | Noticed Aizul
 31568 | Arena    | Entered the Arena
 31587 | Arena    | Killed Aizul
 31627 | Arena    | Entered the Arena
 31678 | Snake:2  | HP: 9/237 [shock serpent (4)]
 31678 | Snake:2  | Slain by a shock serpent

Illustrated notes

Levels and vault maps discovered:
D:1:      onia_arrival_handbag, layout_loops_ring, minmay_statues_item
D:2:      layout_basic, kennysheep_nub
D:3:      layout_loops_corners, mainiacjoe_overflow_24_doors,
          mainiacjoe_overflow_alcove_4
D:4:      layout_cave_pools, mainiacjoe_overflow_concentric_impassable,
          serial_column_ruins, column_ruins_circle_medium,
          column_ruins_hut_pillars, column_ruins_open_small_water,
          column_ruins_columns_corner, column_ruins_open_small,
          column_ruins_corridor_dead_end
D:5:      layout_gridville, portal_sewer_entry_c, st_stairs_4, nicolae_titane,
          uniq_sigmund
D:6:      layout_loops_corners, lemuel_blue_sif_altar, temple_hall
D:7:      layout_basic, nicolae_dithmenos_the_darkroom, enter_ossuary_2,
          grunt_tough_drop, uniq_joseph
D:8:      nzn_winding_woodlands_medium [nzn_winding_woodlands_5x5_closed_star,
          nzn_winding_woodlands_5x15_concentric,
          nzn_winding_woodlands_5x5_default,
          nzn_winding_woodlands_5x5_perimeter,
          nzn_winding_woodlands_center_lodge,
          nzn_winding_woodlands_5x5_checkerboard,
          nzn_winding_woodlands_5x5_cross, nzn_winding_woodlands_5x15_longhouse,
          nzn_winding_woodlands_5x5_three], layout_basic, serial_shops,
          nicolae_shop_tiny_glass, nicolae_lava_and_water, minmay_misc_feat_iff,
          uniq_gastronok
D:9:      layout_grid_maze, gammafunk_ghost_ooze, uniq_erica, uniq_erolcha
D:10:     layout_loops_ring
D:11:     layout_loops_corners, minmay_lair_entry_grove
D:12:     layout_irregular_city, uniq_josephine, uniq_snorg
D:13:     minmay_blocking_statues, layout_irregular_city,
          skrybe_vaults_entry_preservation, serial_shops, shop,
          grunt_gozag_breadcrumbs
D:14:     layout_basic, grunt_decor_arrowhead, uniq_roxanne, uniq_rupert
D:15:     grunt_enter_depths_hoard, layout_long_grid,
          nicolae_qazlal_general_emergency
Temple:   minmay_temple_bridge_d
Lair:1:   layout_small_grid, kennysheep_abandoned_house, grunt_megastairs_5,
          lemuel_fruit_tree, serial_bayou_shore_b, serial_bayou_shore_a,
          lemuel_fruit_fields, lemuel_fruit_fields, infiniplex_staircase_pool_2
Lair:2:   layout_misc_corridors, grunt_megastairs_1, serial_bayou_shore_b
Lair:3:   layout_gridlike, nicolae_swamp_entry_spooky,
          guppyfry_snake_entry_garden, uniq_kirke, uniq_amaemon
Lair:4:   layout_loops_ring, slime_entry_1
Lair:5:   wormcave, layout_misc_corridors, hangedman_lair_caniforms_friends,
          grunt_megastairs_2
Snake:1:  layout_basic, nicolae_triple_integral
Snake:2:  layout_onion, st_stairs_11, fake_guardian_serpent_vault
Snake:3:  layout_onion, nicolae_shop_gadgets, uniq_aizul, uniq_bai_suzhen
Orc:1:    dreamdust_wu_jian_sword_trials, layout_caves, basic_altar
Orc:2:    grunt_orc_gardens, layout_caves, grunt_orc_garden, grunt_orc_garden,
          grunt_orc_garden, grunt_orc_garden, basic_altar

Skill      XL: |  1  2  3  4  5  6  7  8  9 10 11 12 13 14 15 16 17 |
---------------+----------------------------------------------------+-----
Staves         | 3 4 5 6 8 10 11 13 14 | 14.3
Fighting       | 4 5 6 7 8 9 10 11 13 15 17 18 | 18.6
Armour         | 4 5 6 7 8 9 10 11 12 13 14 15 | 15.6
Shields        | 5 6 7 8 9 10 | 10.0
Invocations    | 2 4 6 8 10 11 12 14 15 | 15.2
Throwing       | 3 6 7 9 |  9.5
Dodging        | 3 |  3.0

Action                     |  1- 3 |  4- 6 |  7- 9 | 10-12 | 13-15 | 16-18 || total
---------------------------+-------+-------+-------+-------+-------+-------++-------
  Melee: Quarterstaff      |    88 |   109 |   258 |   672 |    24 |       ||  1151
         Unarmed           |       |       |     9 |       |       |       ||     9
         Lajatang          |       |       |       |    10 |  1056 |   917 ||  1983
  Throw: Dart              |       |     6 |       |    18 |     2 |       ||    26
         Boomerang         |       |       |       |       |     8 |       ||     8
         Javelin           |       |       |       |       |     4 |     8 ||    12
 Invoke: Heroism           |       |       |       |     1 |     5 |     6 ||    12
         Finesse           |       |       |       |     1 |     3 |     4 ||     8
         Receive Weapon    |       |       |       |     1 |       |       ||     1
         Receive Armour    |       |       |       |     1 |       |       ||     1
         Duel              |       |       |       |       |       |     3 ||     3
Ability: Dig               |       |       |       |       |     1 |       ||     1
  Evoke: Wand              |       |       |     3 |       |       |       ||     3
    Use: Scroll            |       |       |     9 |    10 |     7 |     4 ||    30
         Potion            |       |       |     4 |     1 |     5 |    13 ||    23
   Stab: Fleeing           |       |       |       |     1 |       |       ||     1
         Petrified         |       |       |       |       |     4 |       ||     4
         Distracted        |       |       |       |       |     1 |       ||     1
         Petrifying        |       |       |       |       |     1 |       ||     1
 Armour: Scale mail        |    44 |   101 |    10 |       |       |       ||   155
         Chain mail        |       |       |   102 |   238 |       |       ||   340
         Skin              |       |       |     8 |       |       |     1 ||     9
         Crystal plate arm |       |       |       |     6 |   782 |   717 ||  1505
  Dodge: Dodged            |    40 |    41 |   107 |   258 |   430 |   403 ||  1279
  Block: Buckler           |    24 |    29 |   137 |   350 |   524 |   420 ||  1484
         Reflection        |       |       |     2 |    10 |    14 |    56 ||    82
         Kite shield       |       |       |       |       |       |   114 ||   114

Table legend: (Time is in decaauts)
 A = Elapsed time spent in this place.
 B = Non-inter-level travel time spent in this place.
 C = Inter-level travel time spent in this place.
 D = Time resting spent in this place.
 E = Time spent auto-exploring this place.
 F = Levels seen in this place.
 G = Mean time per level.
                   A        B        C        D        E       F      G
               +--------+--------+--------+--------+--------+-----+--------+
         Total |  30995 |  29198 |   1797 |     42 |  23738 |  30 | 1033.2 |
       Dungeon |  18116 |  16939 |   1177 |     15 |  14097 |  15 | 1207.7 |
        Temple |    143 |      2 |    141 |      0 |      0 |   1 |  143.0 |
          Lair |   6631 |   6390 |    241 |      0 |   5249 |   5 | 1326.2 |
     Snake Pit |   3978 |   3817 |    161 |      3 |   2965 |   3 | 1326.0 |
  Orcish Mines |   1785 |   1709 |     76 |      0 |   1307 |   2 |  892.5 |
       Ossuary |    241 |    241 |      0 |      0 |     94 |   1 |  241.0 |
         Arena |     98 |     98 |      0 |     24 |     25 |   3 |   32.7 |
               +--------+--------+--------+--------+--------+-----+--------+

Top non-repeatable levels by time:
 Snake:1: 2459 daAuts
  Lair:5: 2268 daAuts
    D:13: 2009 daAuts
     D:9: 1986 daAuts
     D:8: 1794 daAuts
  Lair:1: 1632 daAuts
    D:14: 1620 daAuts
 Snake:2: 1416 daAuts
  Lair:3: 1315 daAuts
     D:6: 1248 daAuts
    D:15: 1199 daAuts
    D:11: 1092 daAuts
    D:12: 1066 daAuts
    D:10: 1000 daAuts
     D:3: 991 daAuts
